AoeStats
← 野猪也疯狂

Arabia

508807305Analyzed
1v1 RM · 9d ago on Sep 24, 2026· 42m 14s· 2 players
Game mode
Random Map
Map size
Tiny (2 player)
Population
200
Speed
Normal
Resources
Standard
Victory
Conquest
Starting age
Dark Age
Ending age
Imperial Age
RankedLock teamsTeams togetherTeam positionsShared explorationLock speedFull tech treeHidden civsTurbo modeCheats
Victory
Defeat
🇦🇷 Mongols · Argentina
1350
+15
🇭🇰 Burgundians · Hong Kong SAR China
1333
-15
Duckkk
5:41 Double-Bit Axe
7:30 Loom
10:02 Feudal Age
9:17 Horse Collar
14:21 Town Watch
21:07 Castle Age
19:44 Fletching
20:53 Padded Archer Armor
23:03 Elite Skirmisher
24:03 Bow Saw
24:40 Bodkin Arrow
26:17 Scale Mail Armor
28:09 Ballistics
28:17 Heavy Plow
31:07 Squires
32:40 Leather Archer Armor
34:30 Wheelbarrow
38:52 Imperial Age
36:52 Scale Mail Armor
38:33 Chain Mail Armor
39:35 Bracer
40:49 Chemistry
野猪也疯狂
9:06 Feudal Age
9:10 Man-at-Arms
9:38 Double-Bit Axe
9:41 Loom
14:24 Horse Collar
15:17 Fletching
16:26 Padded Archer Armor
20:20 Wheelbarrow
24:41 Castle Age
23:20 Gold Mining
24:44 Bloodlines
25:34 Bow Saw
25:31 Heavy Plow
25:29 Bodkin Arrow
25:50 Leather Archer Armor
25:48 Husbandry
26:29 Gold Shaft Mining
27:09 Ballistics
27:29 Stone Mining
29:26 Hand Cart
29:32 Hand Cart
35:11 Imperial Age
34:33 Stone Shaft Mining
36:07 Bracer
36:59 Parthian Tactics
37:40 Chemistry
37:33 Conscription
37:24 Town Watch
39:39 Heavy Cavalry Archer
Connection lost

Rejoining the realm…

Still unreachable

The connection could not be restored.

Session expired

The server has moved on; the page needs a fresh start.